 Dungeon Crawl Stone Soup version 0.30-a0-1160-g6e42c06551 (webtiles) character file.

Game seed: 13252156252671090429

106883 vineage the Bludgeoner (level 16, -7/107 HPs)
             Began as a Gargoyle Fighter on Apr 25, 2023.
             Was a High Priest of Okawaru.
             Killed from afar by a frost giant (24 damage)
             ... with a bolt of cold
             ... on level 15 of the Dungeon.
             The game lasted 00:34:25 (25001 turns).

vineage the Bludgeoner (Gargoyle Fighter)          Turns: 25001, Time: 00:34:25

Health: -7/107     AC: 36    Str: 26    XL:     16   Next: 45%
Magic:  21/23      EV: 10    Int: 24    God:    Okawaru [*****.]
Gold:   2528       SH: 23    Dex: 18    Spells: 15/15 levels left

rFire   + + +        e - +6 eveningstar (drain)
rCold   . . .        Q - +2 tower shield {rF+}
rNeg    + + +        A - +0 plate armour
rPois   ∞            z - +0 hat
rElec   +            d - +0 cloak
rCorr   .            P - +0 pair of gloves of the Devouring Gods {rN++ Will+}
SInv    .            M - +1 pair of boots "Riugh" {rF+ Int+4 Dex+3}
Will    ++...        F - amulet of Generosity {Acrobat rPois rF+ Int+3} Stlth
                     c - +6 ring of dexterity
HPRegen 0.37/turn    L - +6 ring of intelligence
MPRegen 0.18/turn

%: acrobat
@: heroic, flying, unable to drink
A: sickness immunity, AC +12, big wings, negative energy resistance 1,
electricity resistance, torment resistance 1, petrification resistance,
inability to drink after injury 1
a: Renounce Religion, Heroism, Finesse, Duel


You were on level 15 of the Dungeon.
You worshipped Okawaru.
Okawaru was extremely pleased with you.
You visited 4 branches of the dungeon, and saw 23 of its levels.
You also visited: Volcano.

You collected 2603 gold pieces.
You spent 75 gold pieces at shops.

Inventory:

Hand Weapons
 a - a +0 flail of draining
 e - a +6 eveningstar of draining (weapon)
Missiles
 T - a throwing net (quivered)
Armour
 d - a +0 cloak (worn)
 v - a +1 tower shield of cold resistance
 w - a +0 pair of gloves
 z - a +0 hat (worn)
 A - a +0 plate armour (worn)
 M - the +1 pair of boots "Riugh" (worn) {rF+ Int+4 Dex+3}
   (Okawaru gifted it to you on level 4 of the Lair of Beasts)

   Int:       It affects your intelligence (+4).
   Dex:       It affects your dexterity (+3).
   rF:        It protects you from fire.
 O - +0 fire dragon scales
 P - the +0 pair of gloves of the Devouring Gods (worn) {rN++ Will+}
   (You found it in a volcano)

   rN:        It greatly protects you from negative energy.
   Will:      It increases your willpower.
 Q - a +2 tower shield of fire resistance (worn)
Jewellery
 c - a +6 ring of dexterity (left hand)
 s - a ring of ice
 D - a ring of fire
 E - a ring of flight
 F - the amulet of Generosity (around neck) {Acrobat rPois rF+ Int+3}
   (You acquired it on level 11 of the Dungeon)

   [amulet of the acrobat]

   It increases your evasion while moving and waiting.
   Int:       It affects your intelligence (+3).
   rF:        It protects you from fire.
   rPois:     It protects you from poison.
 I - an amulet of faith
 L - a +6 ring of intelligence (right hand)
 S - a ring of ice
 V - a ring of positive energy
Wands
 i - a wand of roots (19)
 j - a wand of flame (28)
 m - a wand of mindburst (7)
 p - a wand of digging (5)
 y - a wand of paralysis (14)
 B - a wand of light (15)
Scrolls
 g - 2 scrolls of brand weapon
 h - 6 scrolls of enchant armour
 t - a scroll of magic mapping
 u - 6 scrolls of identify
 x - 7 scrolls of fog
 C - a scroll of poison
 G - 6 scrolls of teleportation
 K - a scroll of amnesia
 U - a scroll of blinking
 X - a scroll of fear
Potions
 b - 4 potions of flight
 f - 4 potions of lignification
 k - 3 potions of brilliance
 l - 2 potions of invisibility
 n - 4 potions of ambrosia
 o - 4 potions of magic
 q - 4 potions of curing
 r - 5 potions of mutation
 H - 3 potions of attraction
 J - 3 potions of resistance
 N - 3 potions of might
 R - a potion of heal wounds
 W - a potion of cancellation
 Y - a potion of berserk rage {unknown}


   Skills:
 + Level 14.5(19.5) Fighting
 * Level 18.2(23.2) Maces & Flails
 + Level 13.6(18.6) Armour
 + Level 13.5(18.5) Shields
 + Level 9.5 Invocations


You had 15 spell levels left.
You didn't know any spells.
Your spell library contained the following spells:

 Spells                   Type           Power      Damage    Failure   Level
 Apportation              Tloc           0%         N/A       82%         1
 Kiss of Death            Conj/Necr      0%         2d5       82%         1
 Necrotise                Necr           0%         1d4       82%         1
 Sting                    Tmut/Pois      0%         1d3       82%         1
 Poisonous Vapours        Pois/Air       0%         N/A       91%         2
 Confusing Touch          Hex            0%         N/A       99%         3
 Dispel Undead            Necr           0%         3d6       100%        4
 Manifold Assault         Tloc           0%         N/A       100%        4
 Olgreb's Toxic Radiance  Pois           0%         N/A       100%        4
 Conjure Ball Lightning   Conj/Air       0%         3x3d6     100%        6
 Dispersal                Tloc           0%         N/A       100%        6
 Discord                  Hex            0%         N/A       100%        8
 Disjunction              Tloc           0%         N/A       100%        8
 Summon Small Mammal      Summ           Unusable   N/A       N/A         1

Dungeon Overview and Level Annotations

Branches:
Dungeon (15/15)            Temple (1/1) D:4            Lair (5/5) D:9
 Shoals (0/4) Lair:3        Snake (0/4) Lair:2        Slime (0/5) Lair:4
    Orc (2/2) D:11            Elf (0/3) Orc:2        Vaults (0/5) D:13
 Depths (0/4) D:15        Volcano (visited)

Altars:
Ashenzari
Cheibriados
Dithmenos
Elyvilon
Fedhas
Gozag
Hepliaklqana
Kikubaaqudgha
Makhleb
Nemelex Xobeh
Okawaru
Qazlal
Ru
Sif Muna
Trog
Uskayaw
Vehumet
Wu Jian
Xom
Yredelemnul
Zin
The Shining One
Jiyva

Shops:
D:2 *   D:15 *   Orc:2 =:[(


Innate Abilities, Weirdness & Mutations

You are immune to sickness and miasma.
Your stone body is resilient. (AC +12)
You are immune to poison.
Your large and strong wings let you fly.
You resist negative energy. (rN+)
You are resistant to electric shocks. (rElec)
You are resistant to unholy torment.
You are immune to petrification.
You occasionally lose the ability to drink potions when taking damage.


Message History

No target in view!
No target in view!
No target in view!
No target in view!
No target in view!
No target in view!
Things that are here:
a +0 longbow; a tengu corpse You reach down and open the door.
A frost giant comes into view.
It is wielding a +2 battleaxe of freezing.
The frost giant shouts!
The frost giant points at you and mumbles some strange words.
The bolt of cold hits you!!!
Ouch! That really hurt!
Found a staircase to the Depths.
Things that are here:
a +0 longbow; a tengu corpse You gain the combat prowess of a mighty hero.
You are too injured to fight recklessly!
You hit the frost giant. You drain the frost giant.
The frost giant is lightly wounded.
The frost giant casts a spell at you. The bolt of cold hits you!
You impale the frost giant!!
The frost giant is moderately wounded.
You impale the frost giant!!
The frost giant is heavily wounded.
The frost giant points at you and mumbles some strange words.
The bolt of cold hits you but does no damage.
You sock the frost giant!
The frost giant is severely wounded.
The frost giant casts a spell at you. The bolt of cold hits you!!
You feel threatened and lose the ability to drink potions!
* * * LOW HITPOINT WARNING * * *
You impale the frost giant!!
The frost giant is almost dead.
The frost giant points at you and mumbles some strange words.
The bolt of cold hits you!!
You die...

#..# #.##.# #.#
#.##.## #.##
########## #.# .##.#
...#####≈≈...... #.#
#.#
......##≈.#≈≈≈###+##.#
#.#
...##..#......#...##.#
#.##
#.###..'.##≈..+.>.##..
#... #.# #.##......#
..# #### #.#
#..#≈.#≈≈≈###C# #.#
####≈≈......@.# #.
############ #.


You could see a frost giant (drained).

Vanquished Creatures
  Jorgrun (Orc:2)
  Donald (Orc:2)
  An orc warlord (Orc:2)
  Snorg (D:13)
  2 fire dragons
  Fannar (Orc:1)
  10 hydras
  Erolcha (D:12)
  2 catoblepae
  8 vault guards (D:13)
  Erica (D:10)
  7 centaur warriors
  4 boulder beetles
  8 death yaks (Lair:5)
  4 tengu warriors
  Amaemon (Lair:2)
  2 orc high priests (Orc:2)
  A deep elf knight (D:14)
  4 sun demons (Volcano)
  2 skysharks
  3 skeletal warriors (D:14)
  2 wizards (D:14)
  3 lindwurms (Lair:5)
  3 deep elf pyromancers (D:14)
  3 orc sorcerers (Orc:2)
  2 orc knights
  16 ugly things
  An oklob plant (Lair:1)
  9 cyclopes
  7 manticores
  A merfolk siren (Lair:3)
  15 elephants
  6 torpor snails (Lair:5)
  8 black mambas
  3 smoke demons (Volcano)
  2 gargoyles
  An orange demon (Lair:2)
  2 rime drakes (Lair:5)
  5 cane toads
  6 komodo dragons
  An unseen horror (D:12)
  2 efreet
  A queen bee (D:8)
  A queen bee (shapeshifter) (D:13)
  A troll (shapeshifter) (D:14)
  5 meliai (D:14)
  2 polar bears
  8 trolls
  8 hornets
  9 blink frogs (Lair:5)
  3 tyrant leeches (Lair:5)
  Grinder (D:3)
  2 dream sheep (Lair:5)
  12 slime creatures
  6 water elementals
  5 wyverns
  2 shadows
  2 wraiths
  34 yaks
  3 basilisks
  A hog (shapeshifter) (D:8)
  7 steam dragons
  9 vampire mosquitoes
  3 nagas
  An acid dragon (D:14)
  11 water moccasins
  3 hell hounds
  6 wargs (Orc:2)
  Pargi (D:3)
  34 orc warriors
  3 sky beasts
  An ice beast (D:7)
  A black bear (Lair:1)
  5 ogres
  A hornet zombie (D:3)
  9 centaurs
  5 boggarts (D:14)
  The ghost of bmj180 the Chiller, an amateur MfIE (D:3)
  7 phantoms
  A kobold brigand (D:8)
  12 bullfrogs
  A gnoll sergeant (D:5)
  5 scorpions
  A water moccasin skeleton (D:3)
  8 wights
  11 killer bees
  4 howler monkeys
  6 electric eels
  23 orc priests
  3 hounds
  Crazy Yiuf (D:2)
  5 jellies
  A sleepcap (D:7)
  Ijyb (D:3)
  Terence (D:2)
  3 iguanas
  31 orc wizards
  4 hell rats (Lair:3)
  A howler monkey zombie (D:3)
  17 gnolls
  4 adders
  3 worms
  7 dart slugs
  86 orcs
  10 ball pythons
  5 bats
  9 endoplasms
  8 giant cockroaches
  7 goblins
  6 hobgoblins
  6 jackals
  2 quokkas
  A frilled lizard (D:2)
  10 kobolds
  4 rats (D:2)
685 creatures vanquished.

Vanquished Creatures (others)
  An unseen horror (D:12)
  An orc wizard (Orc:2)
  45 fungi
  96 plants
143 creatures vanquished.

Grand Total: 828 creatures vanquished

Notes
Turn   | Place    | Note
-------+----------+-------------------------------------------
     0 | D:1      | vineage the Gargoyle Fighter began the quest for the Orb.
     0 | D:1      | Reached XP level 1. HP: 14/14 MP: 1/1
   177 | D:1      | Reached XP level 2. HP: 19/19 MP: 2/2
   444 | D:1      | Reached skill level 3 in Maces & Flails
   448 | D:1      | Reached XP level 3. HP: 24/24 MP: 3/3
  1044 | D:2      | Found Bigyufin's General Store.
  1254 | D:2      | Reached XP level 4. HP: 26/29 MP: 4/4
  1307 | D:2      | Found a sacrificial altar of Ru.
  1532 | D:2      | Noticed Terence
  1547 | D:2      | Killed Terence
  1548 | D:2      | Reached skill level 4 in Maces & Flails
  1782 | D:2      | Found a runed translucent door.
  1783 | D:2      | Noticed Crazy Yiuf
  1791 | D:2      | Killed Crazy Yiuf
  1792 | D:2      | Reached XP level 5. HP: 30/34 MP: 5/5
  1882 | D:3      | Noticed Grinder
  1886 | D:3      | Paralysed by Grinder for 3 turns
  1894 | D:3      | Paralysed by Grinder for 5 turns
  1908 | D:3      | Killed Grinder
  1909 | D:3      | Reached skill level 5 in Fighting
  1909 | D:3      | Reached skill level 5 in Maces & Flails
  1909 | D:3      | Reached XP level 6. HP: 25/40 MP: 6/6
  2105 | D:3      | Found a transporter.
  2110 | D:3      | Noticed bmj180's ghost (amateur MfIE)
  2111 | D:3      | Found a transporter.
  2204 | D:3      | Noticed Ijyb
  2224 | D:3      | Killed Ijyb
  2675 | D:3      | Found an ornate altar of the Wu Jian Council.
  2678 | D:3      | Noticed Pargi
  2687 | D:3      | Killed Pargi
  2688 | D:3      | Reached skill level 6 in Maces & Flails
  2688 | D:3      | Reached XP level 7. HP: 44/44 MP: 7/7
  2807 | D:3      | Identified a scroll of acquirement
  2808 | D:3      | Acquired a +2 eveningstar of draining
  2867 | D:3      | Killed bmj180's ghost
  2882 | D:3      | Reached skill level 7 in Maces & Flails
  3090 | D:4      | Found a shimmering blue altar of Sif Muna.
  3130 | D:4      | Reached XP level 8. HP: 51/51 MP: 8/8
  3330 | D:4      | Found a staircase to the Ecumenical Temple.
  3442 | D:5      | Entered Level 5 of the Dungeon
  3496 | Temple   | Entered the Ecumenical Temple
  4212 | D:5      | Reached skill level 8 in Maces & Flails
  4791 | D:5      | Reached XP level 9. HP: 57/57 MP: 9/9
  4821 | D:5      | Reached skill level 5 in Armour
  4834 | D:5      | Reached skill level 5 in Shields
  5092 | D:5      | Found a sacrificial altar of Ru.
  5232 | D:6      | Reached skill level 9 in Maces & Flails
  6589 | D:7      | Reached XP level 10. HP: 64/64 MP: 10/10
  6595 | D:7      | Reached skill level 10 in Maces & Flails
  7033 | D:7      | Identified the +6 quick blade "Sestiamu" {heavy, rF++}
  7410 | D:8      | Found a hazy altar of Hepliaklqana.
  7458 | D:8      | You fall into a shaft and drop 3 floors!
  7465 | D:11     | Noticed a boulder beetle
  7470 | D:11     | Killed a boulder beetle
  7500 | D:11     | Noticed a two-headed ogre
  7509 | D:10     | Entered Level 10 of the Dungeon
  7509 | D:10     | Noticed a gargoyle
  7516 | D:10     | Killed a gargoyle
  7814 | D:8      | Found a basalt altar of Yredelemnul.
  7816 | D:8      | Noticed a profane servitor
  7827 | D:8      | Found a glowing golden altar of the Shining One.
  7884 | D:8      | Found an iron altar of Okawaru.
  7917 | D:8      | Became a worshipper of Warmaster Okawaru
  7937 | D:8      | Reached skill level 11 in Maces & Flails
  8561 | D:8      | Reached * piety under Okawaru
  8690 | D:8      | Noticed an angel
  8721 | D:9      | Found a burning altar of Makhleb.
  8747 | D:9      | Reached XP level 11. HP: 50/71 MP: 8/11
  8813 | D:8      | HP: 2/71 [hog (shapeshifter) (8)]
  9102 | D:9      | Reached ** piety under Okawaru
  9112 | D:9      | Found a staircase to the Lair.
  9135 | D:9      | Reached skill level 1 in Invocations
  9605 | D:10     | Noticed Erica
  9638 | D:10     | Killed Erica
  9639 | D:10     | Reached skill level 12 in Maces & Flails
 10344 | D:11     | Found a staircase to the Orcish Mines.
 10435 | D:11     | Noticed a boulder beetle
 10444 | D:11     | Killed a boulder beetle
 10444 | D:11     | Reached *** piety under Okawaru
 10445 | D:11     | Reached skill level 10 in Fighting
 10483 | D:11     | Noticed a boulder beetle
 10502 | D:11     | Killed a boulder beetle
 10617 | D:11     | Acquired the amulet of Generosity {Acrobat rPois rF+ Int+3}
 10682 | Lair:1   | Entered Level 1 of the Lair of Beasts
 10693 | Lair:1   | Noticed an oklob plant
 10712 | Lair:1   | Killed an oklob plant
 10985 | Lair:1   | Reached **** piety under Okawaru
 11166 | Lair:1   | Reached XP level 12. HP: 78/78 MP: 14/14
 11370 | Lair:1   | Reached skill level 13 in Maces & Flails
 11928 | Lair:2   | Found a staircase to the Snake Pit.
 12118 | Lair:2   | Noticed Amaemon
 12174 | Lair:2   | Reached ***** piety under Okawaru
 12177 | Lair:2   | Killed Amaemon
 12785 | Lair:3   | Reached skill level 10 in Armour
 12785 | Lair:3   | Reached skill level 10 in Shields
 12801 | Lair:3   | Reached skill level 14 in Maces & Flails
 12857 | Lair:3   | Noticed a five-headed hydra
 12864 | Lair:3   | Killed a five-headed hydra
 12864 | Lair:3   | Received a gift from Okawaru
 12888 | Lair:3   | Reached XP level 13. HP: 64/84 MP: 15/15
 13251 | Lair:3   | Found a staircase to the Shoals.
 13691 | Lair:4   | Found a staircase to the Slime Pits.
 13691 | Lair:4   | Found a viscous altar of Jiyva.
 13843 | Lair:4   | Found an iron altar of Okawaru.
 13864 | Lair:4   | Identified the +1 pair of boots "Riugh" {rF+ Int+4 Dex+3}
                  | (Okawaru gifted it to you on level 4 of the Lair of Beasts)
 13864 | Lair:4   | Received a gift from Okawaru
 14205 | Lair:4   | Identified the +2 leather armour of Omission {Harm rPois
                  | rF+++ Str-2 Stlth+}
 14545 | Lair:5   | Entered Level 5 of the Lair of Beasts
 15297 | Lair:5   | Reached skill level 15 in Maces & Flails
 15797 | Lair:5   | Reached skill level 5 in Invocations
 15925 | Lair:5   | Gained mutation: Your large and strong wings let you fly.
                  | [Gargoyle growth]
 15925 | Lair:5   | Reached XP level 14. HP: 51/92 MP: 17/17
 16118 | Lair:5   | Identified the +1 flail "Undertaker" {elec, Str+3} (Okawaru
                  | gifted it to you on level 5 of the Lair of Beasts)
 16118 | Lair:5   | Received a gift from Okawaru
 16907 | Lair:5   | Found a runed translucent door.
 17117 | Lair:5   | Identified the +4 lajatang of Doors {heavy, rN++ Int-3
                  | Dex+4} (Okawaru gifted it to you on level 5 of the Lair of
                  | Beasts)
 17117 | Lair:5   | Received a gift from Okawaru
 17118 | Lair:5   | Reached skill level 16 in Maces & Flails
 17822 | Orc:1    | Entered Level 1 of the Orcish Mines
 17902 | Orc:1    | You are sucked into a shaft and drop 1 floor!
 17902 | Orc:2    | Entered Level 2 of the Orcish Mines
 17914 | Orc:2    | Noticed Jorgrun
 17916 | Orc:2    | Found Sirhenac's Jewellery Emporium.
 17937 | Orc:2    | Killed Jorgrun
 18080 | Orc:2    | Gained mutation: You occasionally lose the ability to drink
                  | potions when taking damage. [a neqoxec]
 18341 | Orc:2    | Found a staircase to the Elven Halls.
 18365 | Orc:2    | Found a dark tunnel.
 18379 | Volcano  | Entered a volcano
 18852 | Volcano  | Identified the +0 pair of gloves of the Devouring Gods
                  | {rN++ Will+}
 19185 | Orc:2    | Noticed Donald
 19199 | Orc:2    | Killed Donald
 19720 | Orc:2    | Noticed an orc warlord
 19972 | Orc:2    | Reached XP level 15. HP: 72/99 MP: 17/20
 20072 | Orc:2    | Killed an orc warlord
 20104 | Orc:2    | Found Woareank's Antique Armour Emporium.
 20125 | Orc:2    | Found Woqychu's Antique Weapon Shoppe.
 20255 | Orc:2    | Found Suepof's Book Boutique.
 20261 | Orc:2    | Received a gift from Okawaru
 20482 | Orc:1    | Noticed Fannar
 20497 | Orc:1    | Killed Fannar
 20958 | D:12     | Identified the +1 leather armour of the Locust {Str-5 Int+4
                  | Dex+2}
 21330 | D:12     | Noticed Erolcha
 21336 | D:12     | Killed Erolcha
 21673 | D:12     | Reached skill level 17 in Maces & Flails
 21840 | D:13     | Found a gate to the Vaults.
 22705 | D:13     | Noticed Snorg
 22717 | D:13     | Killed Snorg
 23074 | D:14     | Received a gift from Okawaru
 23588 | D:14     | Reached XP level 16. HP: 106/106 MP: 20/22
 24066 | D:14     | Received a gift from Okawaru
 24122 | D:14     | Reached skill level 18 in Maces & Flails
 24670 | D:15     | Entered Level 15 of the Dungeon
 24811 | D:15     | Found Ragalaiv's Assorted Antiques.
 24818 | D:15     | Bought a potion of curing for 75 gold pieces
 24994 | D:15     | Found a staircase to the Depths.
 25001 | D:15     | Killed from afar by a frost giant

Illustrated notes

Levels and vault maps discovered:
D:1:      matt_arrival_spirals, layout_basic
D:2:      layout_basic, basic_altar, serial_shops, shop, minivault_19,
          uniq_terence, uniq_crazy_yiuf_cottage
D:3:      layout_basic, mainiacjoe_overflow_boulevard,
          gammafunk_ghost_mausoleum, saegor_snake_ambush, uniq_grinder,
          uniq_ijyb, uniq_pargi
D:4:      layout_gridville, amcnicky_altar_gilded, minmay_temple_entry_poolview
D:5:      layout_basic, nicolae_ru_the_path_less_chosen
D:6:      cheibrodos_steamvent, layout_basic
D:7:      layout_basic, hellmonk_no_cap
D:8:      layout_cave_pools, grunt_temple_overflow_holy_war,
          mainiacjoe_overflow_large_starburst, nicolae_looking_at_the_future
D:9:      layout_big_octagon, bloody_makhleb, due_lair_maze_entry_diamond,
          grunt_ministairs_10
D:10:     layout_cave_pods, uniq_erica
D:11:     minmay_klotski, layout_loops_cross, orc_0_dummy, uniq_sonja
D:12:     layout_basic, nicolae_straight_to_the_point, uniq_erolcha
D:13:     layout_basic, erik_vaults_2, uniq_snorg
D:14:     minmay_quarter_circles, layout_loops_ring
D:15:     grunt_enter_depths_snipers, layout_loops_ring, nicolae_eternal_life,
          serial_shops, nicolae_shop_waterfront, shop, shop,
          nicolae_shop_competitors_out_of_business
Temple:   nicolae_temple_ecumenical_triangle
Lair:1:   layout_cellular_growth
Lair:2:   layout_gridlike, minmay_snake_entry_guardpost_small,
          lemuel_fruit_fields, infiniplex_staircase_pool_2, uniq_amaemon
Lair:3:   layout_loops_ring, minmay_shoals_entry_lonely_mermaid
Lair:4:   layout_cave_pods, minmay_slime_entry_pillars, basic_altar
Lair:5:   wormcave, layout_cave_pods, hangedman_lair_in_review,
          serial_bayou_shore_b
Orc:1:    layout_caves, statue_in_the_mist_lemuel, kennysheep_orc_chapel,
          uniq_fannar
Orc:2:    grunt_orc_community_town_hall, layout_diamond_mine,
          grunt_orc_community_big_house_1, grunt_orc_community_big_house_1,
          grunt_orc_community_house_3, grunt_orc_community_house_2,
          grunt_orc_community_house_3, grunt_orc_community_house_3,
          grunt_orc_community_house_3, grunt_orc_community_house_3, basic_altar,
          enter_volcano_3, uniq_jorgrun, uniq_donald

Skill      XL: |  1  2  3  4  5  6  7  8  9 10 11 12 13 14 15 16 |
---------------+-------------------------------------------------+-----
Maces & Flails | 3 4 5 6 7 8 9 11 12 14 15 16 17 18 | 18.2
Fighting       | 4 5 6 7 8 9 10 11 12 13 14 | 14.5
Armour         | 4 6 7 8 10 11 12 13 | 13.6
Shields        | 4 6 7 8 10 11 12 13 | 13.5
Invocations    | 3 5 7 8 9 |  9.5

Action                     |  1- 3 |  4- 6 |  7- 9 | 10-12 | 13-15 | 16-18 || total
---------------------------+-------+-------+-------+-------+-------+-------++-------
  Melee: Flail             |    93 |   150 |       |       |       |       ||   243
         Eveningstar       |       |       |   260 |   622 |  1341 |   203 ||  2426
 Invoke: Heroism           |       |       |       |     5 |    26 |     4 ||    35
         Finesse           |       |       |       |       |     3 |     1 ||     4
    Use: Scroll            |     2 |     4 |     9 |    12 |     8 |     3 ||    38
         Potion            |       |     1 |     1 |     2 |     3 |     1 ||     8
 Armour: Scale mail        |    44 |    65 |   142 |     7 |       |       ||   258
         Plate armour      |       |       |       |   492 |   633 |    85 ||  1210
         Skin              |       |       |       |       |     2 |       ||     2
  Dodge: Dodged            |    47 |    67 |    84 |   252 |   313 |    55 ||   818
  Block: Buckler           |    19 |    36 |    50 |   195 |    88 |       ||   388
         Tower shield      |       |       |       |       |  1050 |   183 ||  1233

Table legend: (Time is in decaauts)
 A = Elapsed time spent in this place.
 B = Non-inter-level travel time spent in this place.
 C = Inter-level travel time spent in this place.
 D = Time resting spent in this place.
 E = Time spent auto-exploring this place.
 F = Levels seen in this place.
 G = Mean time per level.
                   A        B        C        D        E       F      G
               +--------+--------+--------+--------+--------+-----+--------+
         Total |  24797 |  23628 |   1169 |   3876 |  15176 |  24 | 1033.2 |
       Dungeon |  14876 |  14075 |    801 |   2137 |   9250 |  15 |  991.7 |
        Temple |     54 |     40 |     14 |      0 |     34 |   1 |   54.0 |
          Lair |   6966 |   6710 |    256 |   1055 |   4532 |   5 | 1393.2 |
  Orcish Mines |   2342 |   2246 |     96 |    437 |   1252 |   2 | 1171.0 |
       Volcano |    558 |    558 |      0 |    247 |    108 |   1 |  558.0 |
               +--------+--------+--------+--------+--------+-----+--------+

Top non-repeatable levels by time:
  Lair:5: 3033 daAuts
   Orc:2: 1950 daAuts
    D:14: 1743 daAuts
     D:5: 1541 daAuts
     D:3: 1238 daAuts
  Lair:1: 1206 daAuts
     D:8: 1194 daAuts
    D:13: 1079 daAuts
     D:7: 1068 daAuts
     D:6: 1064 daAuts
     D:1: 1019 daAuts
  Lair:4: 984 daAuts
    D:10: 958 daAuts
  Lair:3: 934 daAuts
    D:12: 891 daAuts
